 Dungeon Crawl Stone Soup version 0.22-a0-455-ga0624bf (webtiles) character file.

141 KristoblXynda the Slasher (level 5, 0/45 HPs)
             Began as a Naga Gladiator on June 5, 2018.
             Slain by Grinder (2 damage)
             ... on level 3 of the Dungeon.
             The game lasted 00:03:51 (2206 turns).

KristoblXynda the Slasher (Naga Gladiator)          Turns: 2206, Time: 00:03:51

Health: 0/45       AC:  4    Str: 16    XL:     5   Next: 24%
Magic:  5/5        EV:  9    Int: 15    God:
Gold:   164        SH:  0    Dex: 12    Spells: 4/4 levels left

rFire    . . .     SeeInvis +   a - +0 long sword
rCold    . . .     Gourm    .   (no shield)
rNeg     . . .     Faith    .   o - +0 ring mail
rPois    +         Spirit   .   (helmet restricted)
rElec    .         Reflect  .   (no cloak)
rCorr    .         Harm     .   (no gloves)
MR       .....                  (no barding)
Stlth    +.........             (no amulet)
HPRegen  0.15/turn              (no ring)
MPRegen  0.09/turn              (no ring)

@: brilliant, very slow
A: large, antennae 1, see invisible, deformed body, poison resistance, slowness
2, slow metabolism 1, spit poison 1, evolution 1, MP-powered wands, AC +1
a: Spit Poison


You were on level 3 of the Dungeon.
You were not hungry.

You visited 1 branch of the dungeon, and saw 3 of its levels.

You collected 164 gold pieces.

Inventory:

Hand Weapons
 a - a +0 long sword (weapon)
Missiles
 d - 3 throwing nets (quivered)
Armour
 c - a +0 helmet
 o - a +0 ring mail (worn)
Wands
 m - a wand of flame (17)
Scrolls
 e - a scroll of teleportation {unknown}
 j - a scroll of remove curse {unknown}
 q - a scroll of noise {unknown}
Potions
 n - a potion of flight {unknown}
 r - a potion of agility {unknown}
Comestibles
 f - 8 rations
 p - a chunk of flesh


   Skills:
 - Level 2.0 Fighting
 * Level 4.5 Long Blades
 - Level 2.0 Throwing
 + Level 1.4 Armour
 + Level 3.1 Dodging


You had 4 spell levels left.
You didn't know any spells.
Your spell library was empty.

Dungeon Overview and Level Annotations

Branches:
Dungeon (3/15)

Altars:

Annotations:
D:3 Grinder


Innate Abilities, Weirdness & Mutations

You cannot wear boots.
Your serpentine skin is tough. (AC +1)
You have supernaturally acute eyesight. (SInv)
Armour fits poorly on your strangely shaped body.
Your system is resistant to poisons. (rPois)
You cover ground very slowly.
You have a slow metabolism.
You can spit poison.
You have a pair of small antennae on your head.
You evolve.
You expend magic power (3 MP) to strengthen your wands.


Message History

You can move again.
Things that are here:
a dagger; a kobold corpse Unknown command.
Okay, then.
You feel better. Grinder hits you.
* * * LOW HITPOINT WARNING * * *
You writhe in agony.
* * * LOW HITPOINT WARNING * * *
It was a potion of mutation.
You feel extremely strange.
You feel nature experimenting on you.
Don't worry, failures die fast.
A pair of antennae grows on your head!
Your +0 helmet falls away!
You feel your magical essence link to your wands.
Grinder gestures at you. You resist with some effort.
It was a potion of brilliance.
You feel clever all of a sudden. Grinder hits you.
You die...

#K... ....# .... #..5.##
... ......# ..#......#
........### #..........
####+##%#+#......
........#.#......
.......@5........
.................
###....#.........
#......##.######
##.#..###......# .
#.#..#........# ..# ..
#.#..#........# ...#
..)##.#..#........# ...#
...............#####...#
..


You could see Grinder.

Vanquished Creatures
  Jessica (D:2)
  Terence (D:2)
  3 adders
  An ooze (D:2)
  3 dart slugs
  4 leopard geckos
  A giant cockroach (D:1)
  3 hobgoblins
  4 jackals (D:1)
  A ball python (D:1)
  7 bats
  6 frilled lizards
  6 goblins
  5 kobolds
  8 rats
54 creatures vanquished.

Notes
Turn   | Place    | Note
-------+----------+-------------------------------------------
     0 | D:1      | KristoblXynda the Naga Gladiator began the quest for the Orb.
     0 | D:1      | Reached XP level 1. HP: 19/19 MP: 1/1
    45 | D:1      | Reached XP level 2. HP: 4/26 MP: 2/2
  1076 | D:1      | Reached XP level 3. HP: 32/32 MP: 3/3
  1663 | D:2      | Reached skill level 4 in Long Blades
  1705 | D:2      | Reached XP level 4. HP: 36/39 MP: 4/4
  1741 | D:2      | Reached skill level 1 in Armour
  1852 | D:2      | Noticed Jessica
  1861 | D:2      | Killed Jessica
  1873 | D:2      | Noticed Terence
  1882 | D:2      | Killed Terence
  1882 | D:2      | Reached XP level 5. HP: 29/45 MP: 5/5
  2164 | D:3      | Noticed Grinder
  2181 | D:3      | Paralysed by Grinder for 4 turns
  2202 | D:3      | Paralysed by Grinder for 2 turns
  2204 | D:3      | HP: 2/45 [Grinder (3)]
  2205 | D:3      | Gained mutation: You evolve. [potion of mutation]
  2205 | D:3      | Gained mutation: You have a pair of small antennae on your head. [potion of mutation]
  2205 | D:3      | Gained mutation: You expend magic power (3 MP) to strengthen your wands. [potion of mutation]
  2206 | D:3      | Slain by Grinder

Vault maps used:
D:1:      mainiacjoe_arrival_reflecting_pool
D:2:      uniq_terence, uniq_jessica
D:3:      minmay_door_path, serial_curves, eino_curves_03, eino_curves_03,
          eino_curves_01, eino_curves_04, uniq_crazy_yiuf_cottage, uniq_grinder,
          uniq_ijyb

Skill      XL: |  1  2  3  4 |
---------------+-------------+-----
Throwing       | 2 |  2.0
Long Blades    | 4 |  4.5
Armour         | 1 |  1.4
Dodging        | 3 |  3.1
Fighting       | |  2.0

Action                   |  1- 3 |  4- 6 || total
-------------------------+-------+-------++-------
Melee: Long sword        |   101 |    74 ||   175
 Abil: Spit Poison       |     4 |     1 ||     5
  Use: Potion            |       |     5 ||     5
       Scroll            |       |     3 ||     3
  Eat: Chunk             |     2 |     1 ||     3
Armor: Leather armour    |    46 |       ||    46
       Ring mail         |       |    42 ||    42
       Skin              |       |    21 ||    21
Dodge: Dodged            |    79 |    51 ||   130
       Rpst.: Long sword |    20 |    21 ||    41

Table legend:
 A = Spawn XP
 B = Non-spawn XP
 C = Spawn XP percentage of total XP
 D = Spawn monster count
 E = Non-spawn monster count
 F = Spawn count percentage of total count
 G = Total turns spent on level
                    A         B        C        D         E        F      G
               +---------+---------+-------+---------+---------+-------+---------
         Total |       0 |     202 |   0.0 |       0 |      54 |   0.0 |  2206
               +---------+---------+-------+---------+---------+-------+---------
           D:1 |       0 |      43 |   0.0 |       0 |      27 |   0.0 |  1318
           D:2 |       0 |     136 |   0.0 |       0 |      21 |   0.0 |   745
           D:3 |       0 |      23 |   0.0 |       0 |       6 |   0.0 |   143
               +---------+---------+-------+---------+---------+-------+---------
